 Dungeon Crawl Stone Soup version 0.27.1-3-gb3d3a73c9e (webtiles) character file.

Game seed: 1924331910087459899

5 BigDaddyOpFi the Sneak (level 1, -3/19 HPs)
             Began as a Draconian Delver on Oct 5, 2021.
             Was an Initiate of Okawaru.
             Killed by nerve-wracking pain
             ... invoked by an orc priest
              (9 damage)
             ... on level 4 of the Dungeon.
             The game lasted 00:01:36 (353 turns).

BigDaddyOpFi the Sneak (Draconian Delver)            Turns: 353, Time: 00:01:37

Health: -3/19      AC:  4    Str: 14    XL:     1   Next: 66%
Magic:  1/1        EV: 12    Int: 10    God:    Okawaru [......]
Gold:   10         SH:  0    Dex: 12    Spells: 0/0 levels left

rFire    . . .     SeeInvis .   a - +0 mace
rCold    . . .     Faith    .   (no shield)
rNeg     . . .     Spirit   .   (armour unavailable)
rPois    .         Reflect  .   (helmet restricted)
rElec    .         Harm     .   (no cloak)
rCorr    .         Rampage  .   (no gloves)
Will     .....                  (no boots)
Stlth    +++.......             (no amulet)
HPRegen  0.06/turn              (no ring)
MPRegen  0.07/turn              (no ring)

@: no status effects
A: AC +4, unfitting armour, cold-blooded
a: Renounce Religion


You were on level 4 of the Dungeon.
You worshipped Okawaru.
Okawaru was noncommittal.
You visited 1 branch of the dungeon, and saw 2 of its levels.

You collected 10 gold pieces.

Inventory:

Hand Weapons
 a - a +0 mace (weapon)
Wands
 f - a wand of digging (3)
Scrolls
 b - a scroll of fog
 c - a scroll of magic mapping
 d - a scroll of fear
Potions
 e - a potion of haste


   Skills:
 + Level 3.4 Fighting
 + Level 2.0 Maces & Flails
 + Level 1.7 Dodging
 + Level 4.7 Stealth


You couldn't memorise any spells.
You didn't know any spells.
Your spell library was empty.

Dungeon Overview and Level Annotations

Branches:
Dungeon (5/15)
 Temple: D:4-7

Altars:
Okawaru


Innate Abilities, Weirdness & Mutations

Your plain brown scales are hard. (AC +4)
You cannot fit into any form of body armour.
You are cold-blooded and may be slowed by cold attacks.


Message History

You hit the hobgoblin.
You kill the hobgoblin!
Okawaru accepts your kill.
You start resting.
HP restored.
You start waiting.
You hear the slow rusting of a very distant drain.
Found a chain mail.
A hobgoblin comes into view.
The hobgoblin shouts!
You hear a shout!
The hobgoblin barely misses you.
You hit the hobgoblin.
You kill the hobgoblin!
Okawaru accepts your kill.
A hobgoblin comes into view.
You see here a hobgoblin corpse.
The hobgoblin completely misses you.
You closely miss the hobgoblin.
Your tail-slap misses the hobgoblin.
The hobgoblin closely misses you.
You barely miss the hobgoblin. The hobgoblin closely misses you.
You hit the hobgoblin.
You kill the hobgoblin!
Okawaru accepts your kill.
An orc priest comes into view. It is wielding a +0 mace.
An orc comes into view. It is wielding a +0 club.
A goblin comes into view. It is wielding a +0 dagger.
You hear the slow rusting of a very distant drain.
The orc priest begins to cast a cantrip, but forgets the words!
An orc comes into view. It is wielding a +0 mace.
The orc shouts!
An orc comes into view. It is wielding a +0 club.
The goblin barely misses you.
An orc comes into view. It is wielding a +0 dagger.
The orc shouts!
The orc priest mumbles some strange prayers to Beogh against you.
Pain shoots through your body!
Ouch! That really hurt!
The orc priest calls down the wrath of Beogh upon you.
Pain shoots through your body!
You die...

.##.##..>......#
.......#.###...#
###.####.##. .## #
#.# #.##.###..#
#.. ..##..#...#
#### ### #...#.#
....# . #..#
...#####.@####...
##
o..oo............
.#
...##.##.g####...
.# ....o.....# .#
#........# .#
#.##..o..# .#
######o##.#...# .#
#......##.....#
.###.####.####..##


You could see an orc priest, 3 orcs and a goblin.

Vanquished Creatures
  An endoplasm (D:4)
  3 hobgoblins (D:4)
4 creatures vanquished.

Notes
Turn   | Place    | Note
-------+----------+-------------------------------------------
     0 | D:5      | BigDaddyOpFi the Draconian Delver began the quest for the
                  | Orb.
     0 | D:5      | Reached XP level 1. HP: 19/19 MP: 1/1
    31 | D:5      | Found an iron altar of Okawaru.
    48 | D:5      | Became a worshipper of Warmaster Okawaru
   337 | D:4      | Noticed an orc priest
   353 | D:4      | Killed from afar by an orc priest

Illustrated notes

Levels and vault maps discovered:
D:4:      corexii_shack_village, layout_loops_cross,
          minmay_temple_entry_poolview, gup_sewer_entry_pipe
D:5:      layout_loops_ring, nicolae_overflow_hidden_temple,
          kennysheep_okawaru_gauntlet

Action                   || total
-------------------------++-------
Melee: Mace              ||     7
 Stab: Sleeping          ||     1
Armor: Skin              ||     2
Dodge: Dodged            ||     9
